Cogmind - Beta 13 @@@ ROGUE MODE // 2024.04.01 @ 01:24:03 Player: Sixten Result: Destroyed by S-10 Pest with Light Assault Rifle Performance ------------- Evolutions (1) 500 Regions Visited (3) 600 Robots Destroyed (30) 150 Value Destroyed (818) 818 Prototype IDs (0) 0 Alien Tech Used (0) 0 Bonus (0) 0 TOTAL SCORE: 2068 Bonus ------- None Cogmind --------- Core Integrity 0/400 Matter 300/300 Energy 100/100 System Corruption 0% Temperature Cool (0) Movement Core (50) Location -9/Materials Parts ------- > --- POWER (1) -------- (None) > --- PROPULSION (4) --- (None) > --- UTILITY (2) ------ Targeting Computer > --- WEAPON (2) ------- Small Laser > --- INVENTORY (5) ---- Aluminum Leg Small Laser Beam Rifle Particle Gun Peak State ------------ > --- POWER ------------ Light Ion Engine > --- PROPULSION ------- Aluminum Leg Aluminum Leg Aluminum Leg Aluminum Leg > --- UTILITY ---------- Targeting Computer Light Armor Plating > --- WEAPON ----------- Light Assault Rifle Light Assault Rifle > --- INVENTORY -------- Light Ion Engine Light Assault Rifle [Rating: 9] Favorites ----------- Power Light Ion Engine Engine Light Ion Engine Propulsion Aluminum Leg Leg Aluminum Leg Flight Unit Flight Unit Utility Targeting Computer Processor Targeting Computer Protection Light Armor Plating Weapon Light Assault Rifle Energy Gun Small Laser Ballistic Gun Light Assault Rifle Build | -11 -10 -10 -9 ------- Run | Yrd Mat Min Mat Slots Evolved 2 | . . . 2 Power . | . . . . Propulsion 2 | . . . 2 Utility . | . . . . Weapon . | . . . . Parts Attached 19 | 5 1 1 12 Power 2 | 1 . . 1 Engine 2 | 1 . . 1 Core . | . . . . Reactor . | . . . . Propulsion 8 | 2 . . 6 Treads . | . . . . Leg 7 | 2 . . 5 Wheel . | . . . . Hover . | . . . . Flight 1 | . . . 1 Utility 2 | . 1 . 1 Device . | . . . . Storage . | . . . . Processor 1 | . 1 . . Hackware . | . . . . Protection 1 | . . . 1 Artifact . | . . . . Weapon 7 | 2 . 1 4 Energy Gun 2 | . . . 2 Energy Cannon . | . . . . Ballistic Gun 5 | 2 . 1 2 Ballistic Cannon . | . . . . Launcher . | . . . . Special Weapon . | . . . . Impact Weapon . | . . . . Slashing Weapon . | . . . . Piercing Weapon . | . . . . Special Melee Weapon . | . . . . Unidentified Prototypes . | . . . . Parts Lost 17 | . . 1 16 Power 2 | . . . 2 Propulsion 8 | . . . 8 Utility 1 | . . . 1 Weapon 6 | . . 1 5 Highest Loss Streak 8 | . . 1 8 To Critical Strikes . | . . . . Average Slot Usage (%) 80 | . 79 84 74 Engine 11 | . 14 14 8 Leg 29 | . 28 28 31 Flight 1 | . . . 3 Processor 12 | . 8 14 11 Protection 1 | . . . 3 Energy Gun 1 | . . . 4 Ballistic Gun 21 | . 28 27 12 Naked Turns . | . . . . Heaviest Build 8 | 6 6 6 8 Greatest Support 40 | 20 20 20 40 Greatest Overweight (x) 1 | . . . 1 Average Overweight (x) . | . . . . Largest Inventory Capacity 5 | 5 5 5 5 Average Capacity 5 | 5 5 5 5 Most Carried 5 | 1 1 5 4 Average Carried 2 | . 1 3 2 Final Capacity 5 | 5 5 5 5 Final Carried 4 | 1 1 4 4 Class Distribution -------------------- 88% | Mutant 11% | Scavenger-Mutant Dominant Class ---------------- Mutant | -10/Materials Mutant | -10/Mines Mutant | -9/Materials Resources | -11 -10 -10 -9 ----------- Run | Yrd Mat Min Mat Matter Collected 531 | 170 . 180 181 Remotely . | . . . . Salvage Created 1001 | . . 176 825 Parts 73 | . . 20 53 Haulers Intercepted . | . . . . Recyclers Shooed . | . . . . Parts Field Recycled . | . . . . Retrieved Matter . | . . . . Parts Self-Destructed . | . . . . Prevented . | . . . . Kills | -11 -10 -10 -9 ------- Run | Yrd Mat Min Mat Combat Hostiles Destroyed 29 | . . 8 21 Guns 29 | . . 8 21 Classes Destroyed 4 | . . 2 2 Mechanic 1 | . . . 1 Swarmer 11 | . . 6 5 Grunt 14 | . . 2 12 Sentry 4 | . . . 4 Best Kill Streak 6 | . . 3 6 Combat Bots Only 6 | . . 3 6 Max Kills in Single Turn 1 | . . 1 1 Gunslinging . | . . . . Exploded . | . . . . Melee . | . . . . Uniques/NPCs Destroyed . | . . . . Combat | -11 -10 -10 -9 -------- Run | Yrd Mat Min Mat Hostile Shots Fired 216 | . . 52 164 Missed 64 | . . 16 48 Damage Taken 1843 | . . 375 1468 Core 508 | . . 102 406 Absorbed by Shields . | . . . . Core Remaining (%) 79 | 100 . 59 . Volleys Fired 139 | . . 22 117 Largest 2 | . . 2 2 Hottest 60 | . . 40 60 Shots Fired 191 | . . 43 148 Gun 191 | . . 43 148 Cannon . | . . . . Launcher . | . . . . Special . | . . . . Kinetic 157 | . . 43 114 Thermal 34 | . . . 34 Explosive . | . . . . Electromagnetic . | . . . . Robot Hit Streak 18 | . . 8 18 Robot Miss Streak 5 | . . 5 3 Penetration Max . | . . . . Secondary Targets 1 | . . 1 . Max Gunslinging Chain 1 | . . 1 . Shots Hit Robots 133 | . . 23 110 Core Hits 63 | . . 14 49 Critical Kills . | . . . . Critical Parts Destroyed 1 | . . . 1 Critical Strikes 1 | . . . 1 Destroy 1 | . . . 1 Melee Attacks . | . . . . Impact . | . . . . Slashing . | . . . . Piercing . | . . . . Sneak Attacks . | . . . . Combat Hostiles . | . . . . Follow-up Attacks . | . . . . Damage Inflicted 1237 | . . 261 976 Guns 1222 | . . 261 961 Cannons . | . . . . Explosions . | . . . . Melee . | . . . . Ramming 15 | . . . 15 Kinetic 946 | . . 261 685 Thermal 276 | . . . 276 Explosive . | . . . . Electromagnetic . | . . . . Impact . | . . . . Slashing . | . . . . Piercing . | . . . . Highest Corruption . | . . . . Average Corruption . | . . . . Corruption Purged . | . . . . Corruption Blocked . | . . . . Overload Shots . | . . . . Overflow Damage . | . . . . Projectiles . | . . . . Explosions . | . . . . Melee . | . . . . Knockbacks 1 | . . . 1 Impact 1 | . . . 1 Kinetic . | . . . . Secondary . | . . . . Self-Inflicted Damage . | . . . . Shots . | . . . . Rammed . | . . . . Targets Rammed 5 | . . . 5 Kicked 5 | . . . 5 Crushed . | . . . . Highest Temperature 46 | . . 36 46 Average Temperature 10 | . . 10 10 Received Heat Transfer 741 | . . 117 624 Siege Activations . | . . . . Robots Corrupted . | . . . . Combat Hostiles . | . . . . Parts Fried . | . . . . Impact Corruptions . | . . . . Robots Melted . | . . . . Combat Hostiles . | . . . . Parts Melted . | . . . . Heat Transferred 625 | . . . 625 Parts Sabotaged . | . . . . Parts Stolen . | . . . . Parts Stripped . | . . . . Power Chain Reactions . | . . . . Alert | -11 -10 -10 -9 ------- Run | Yrd Mat Min Mat Peak Influence 310 | . . 180 310 Initial 5 | . . . 5 Average 77 | . . 44 144 Maximum Alert Level 1 | . . . 1 Low Security (%) 87 | 100 100 100 66 Level 1 12 | . . . 33 Level 2 . | . . . . Level 3 . | . . . . Level 4 . | . . . . Level 5 . | . . . . High Security . | . . . . Max Security . | . . . . Squads Dispatched 3 | . . . 3 Investigation . | . . . . Extermination . | . . . . Reinforcement 3 | . . . 3 Assault . | . . . . Garrison . | . . . . Intercept . | . . . . Searches Triggered . | . . . . Construction Impeded . | . . . . Haulers Reinforced . | . . . . Active Scanning Responses . | . . . . Cargo Convoy Interrupts . | . . . . Stealth | -11 -10 -10 -9 --------- Run | Yrd Mat Min Mat Distress Signals 5 | . . . 5 Communications Jammed . | . . . . Distress Signals . | . . . . Times Spotted 50 | . . 10 40 Peak Tracking Total 10 | . . 3 10 Tactical Retreats 1 | . . . 1 Traps | -11 -10 -10 -9 ------- Run | Yrd Mat Min Mat Traps Triggered . | . . . . Indirectly . | . . . . Trap Hack Attempts . | . . . . Triggered . | . . . . Disarmed . | . . . . Reprogrammed . | . . . . Reused . | . . . . Traps Extracted . | . . . . Installed . | . . . . Triggered . | . . . . Machines | -11 -10 -10 -9 ---------- Run | Yrd Mat Min Mat Machines Disabled . | . . . . Max in Single Turn . | . . . . Machines Repaired . | . . . . Machines Dismantled . | . . . . Machines Sabotaged . | . . . . Overloaded Fab Kills . | . . . . Hacking | -11 -10 -10 -9 --------- Run | Yrd Mat Min Mat Machines Accessed . | . . . . Terminals . | . . . . Fabricators . | . . . . Repair Stations . | . . . . Recycling Units . | . . . . Scanalyzers . | . . . . Garrison Access . | . . . . Total Hacks . | . . . . Successful . | . . . . Failed . | . . . . Catastrophic . | . . . . Database Lockouts . | . . . . Manual . | . . . . Terminals . | . . . . Fabricators . | . . . . Repair Stations . | . . . . Recycling Units . | . . . . Scanalyzers . | . . . . Garrison Access . | . . . . Terminal Hacks . | . . . . Fabricator Hacks . | . . . . Repair Station Hacks . | . . . . Recycling Unit Hacks . | . . . . Scanalyzer . | . . . . Garrison Access Hacks . | . . . . Unauthorized Hacks . | . . . . Terminals . | . . . . Fabricators . | . . . . Repair Stations . | . . . . Recycling Units . | . . . . Scanalyzers . | . . . . Garrison Access . | . . . . Data Cores Recovered . | . . . . Used . | . . . . Hacking Detections . | . . . . Full Trace Events . | . . . . Feedback Events . | . . . . Feedback Blocked . | . . . . Robot Schematics Acquired . | . . . . Robots Built . | . . . . Authchips . | . . . . Time . | . . . . Total Robot Build Rating . | . . . . Part Schematics Acquired . | . . . . Parts Built . | . . . . Authchips . | . . . . Time . | . . . . Total Part Build Rating . | . . . . Parts Repaired . | . . . . Time . | . . . . Parts Recycled . | . . . . Recycled Matter . | . . . . Retrieved Matter . | . . . . Retrieved Components . | . . . . Parts Scanalyzed . | . . . . Part Schematics Acquired . | . . . . Parts Damaged . | . . . . Bothacking | -11 -10 -10 -9 ------------ Run | Yrd Mat Min Mat Used RIF Installer . | . . . . Robots Hacked . | . . . . Non-combat . | . . . . Combat . | . . . . Robot Hacks Applied . | . . . . Relay Couplers Released . | . . . . Fabnet Peak Effective % . | . . . . Robots Rewired . | . . . . Allies Hacked . | . . . . Hacks Repelled . | . . . . Allies | -11 -10 -10 -9 -------- Run | Yrd Mat Min Mat Total Allies . | . . . . Largest Group . | . . . . Highest-Rated Group . | . . . . Highest-Rated Ally . | . . . . Total Orders . | . . . . Ally Attacks . | . . . . Total Damage . | . . . . Kills . | . . . . Allies Corrupted . | . . . . Allies Melted . | . . . . Intel | -11 -10 -10 -9 ------- Run | Yrd Mat Min Mat Robot Analysis Total . | . . . . Derelict Logs Recovered 3 | . . 3 . Drone Launches . | . . . . Drone Recoveries . | . . . . Exploration | -11 -10 -10 -9 ------------- Run | Yrd Mat Min Mat Turns Passed 1636 | 120 58 832 626 Spaces Moved 1077 | 99 48 639 291 Core 43 | 9 . . 34 Treads . | . . . . Legs 1032 | 90 48 639 255 Wheels . | . . . . Hover . | . . . . Flight 2 | . . . 2 Fastest Speed 50 | 50 120 120 50 Average Speed 117 | 113 120 120 111 Slowest Speed 140 | 120 120 120 140 Overloaded Moves . | . . . . Propulsion Burnouts . | . . . . Robots Hopped . | . . . . Cave-ins Triggered . | . . . . Exploration Rate (%) 34 | 4 11 98 25 Regions Visited 3 Branch Regions 1 Pre-discovered Areas 1 | . . 1 . Known Exits Taken . | . . . . Unknown Exits Taken 3 | 1 1 1 . Scrap Searched 1 | . . 1 . Spaces Dug . | . . . . Terrain Destroyed . | . . . . Melee . | . . . . Projectile . | . . . . AOE . | . . . . Terrain Rammed . | . . . . Walls Destroyed . | . . . . Machines Disabled . | . . . . Actions | -11 -10 -10 -9 --------- Run | Yrd Mat Min Mat Total 1280 | 104 48 665 463 Wait 29 | . . . 29 Move 1074 | 98 47 638 291 Hop . | . . . . Pick Up 14 | 1 . 4 9 Fast Attach 9 | 5 1 . 3 Attach 10 | . . 1 9 Detach . | . . . . Swap . | . . . . Drop . | . . . . Fire 139 | . . 22 117 Melee . | . . . . Ram . | . . . . Kick 5 | . . . 5 Crush . | . . . . Escape Stasis . | . . . . Rewire . | . . . . Trap . | . . . . Miscellaneous . | . . . . Route ------- -11/Scrapyard -10/Materials -10/Mines (discovered 2 exits: [*Mat x2]) -9/Materials History --------- Turn | Location | Event 6 | -11/Scrapyard | Discovered new exit (range 15) 121 | -11/Scrapyard | Entered Materials 129 | -10/Materials | Discovered new exit (range 15) 179 | -10/Materials | Entered Mines 318 | -10/Mines | Build established: Mutant 511 | -10/Mines | Learned Materials security intel 696 | -10/Mines | Learned 2 Materials zone layouts 955 | -10/Mines | Discovered new exit (range 8) 978 | -10/Mines | Discovered new exit (range 15) 1011 | -10/Mines | Entered Materials 1011 | -9/Materials | Evolved 2 slots: Propulsion x2 1368 | -9/Materials | Lost 8 parts (1p4n1u2w) 1545 | -9/Materials | Core integrity fell below 50% 1579 | -9/Materials | Core integrity fell below 20% 1606 | -9/Materials | Lost 6 parts (1p4n1w) 1637 | -9/Materials | Destroyed by S-10 Pest with Light Assault Rifle Last Messages --------------- 01547_ Sml. Laser destroyed. 01550_ Aluminum Leg destroyed. 01556_ U-05 Engineer builds a Door. 01560_ R-06 Scavenger collects Aluminum Leg. 01562_ Y-45 Defender destroyed. 01564_ R-06 Scavenger collects Flight Unit. 01566_ Lgt. Ion Engine destroyed. 01569_ R-06 Scavenger collects Flight Unit. 01575_ Aluminum Leg destroyed. 01578_ R-06 Scavenger collects Beam Rifle. 01580_ Y-45 Defender destroyed. 01584_ Acquired 5 matter. 01586_ M-13 Machinist destroyed. 01603_ Critical hit (Burn: +37). 01613_ Y-45 Defender destroyed. 01614_ K-01 Serf collects debris. 01619_ Acquired 17 matter. 01620_ Acquired Beam Rifle. 01634_ S-10 Pest destroyed. 01635_ Lgt. Assault Rifle destroyed. Map ----- +----------------------------------------------------+ | ????????????????????????????????????? | | ????????????????????????????????????? | | ????????????????????????????????????? | | ????????????????????????????????????? | | ????????????????????????????????????? | | ????????????????????????????????????? | | ????????????????????????????????????? | | ????????????????????????????????????? | | ????????????????????????????????????? | | ????????????????????????????????????? | | ????????????????????????????????????? | | ????????????????????????????????????? | | ????????????????????????????????????? | | ????????????????????????????# # | | ?????????????????????????########### | | ????????????????????????? | | ??????????######????????? | | ??????????# #????????? | | ??????????# #?????????# ###+#### | | ??????????# #?????????# #?# | | ??????????# #?????????# #?# "" | | ??????????# #?????????# #?# "" | | ??????????# #?????????# #?# "" | | ??????????# #?????????# !#?# | | ??????????# #?????????# %#?# "" | | ????#####?# @%=#???????### #?# "" | | ????# ###s########## #?# "" | | ????# = #?# | | ????# =% ! !#?###### | | ????# =%[ =%######## | | ????# ##########+###* % % [ | | ????## #???????# ############## | | ?????# ????????# #????????????? | | ?????# ?????????# #?####???????? | | ?????+ ??????????# #? #???????? | | ?????#???????????# #? ######### | | ?????????????????# #? # | | ?????????????????# #? # | | ?????????????????# #? + | | ?????????????????# #? # | | ?????????????????# #? ### | | ?????????????????# #? #?# | | ?????????????????# #? #?# | | ?????????????????#######?###### | | ????????????????????????? | | ?????????????????????????########### | | ??????????????????????????########?# | | ??????????????????????????# #?# | | ??????????????????????????# #?# | | ??????????????????????????# """ #?# | +----------------------------------------------------+ Best States ------------- Heat Dissipation 28 Energy Generation 10 Energy Capacity 125 Matter Stores 300 Matter Capacity 300 Sight Range 16 Terrain Scan Density 10 Armor Coverage 150 Evasion (%) 55 Targeting Accuracy 5 Item Schematics ----------------- None Robot Schematics ------------------ None Fabricated ------------ Nothing Alien Tech Used ----------------- None Achievements -------------- None Challenges ------------ None Game ------ Seed DisruptionMakeshiftPlatform Manual? 0 Play Time 00:11:02 Cumulative 7.6 hours Start 2024.04.01 @ 01:14:30 End 2024.04.01 @ 01:24:03 Sessions 1 Manual Loads 0 Difficulty Rogue Special Mode None Game No. 38 Rogue 38 Adventurer 0 Explorer 0 Win Type - Total 0 Types 0/0/0/0/0/0/0/0/0 Lore% 8 Gallery% 9 Achievement% 11 Wizard Run 0 Options --------- Layout 1 ASCII 0 Keyboard 1 Movement Arrows Keybinds 0 Fullscreen 1 Font 24/Smallcaps Map View 50x35 Zoom Use 0% Tactical HUD 1 Map Filters NONE Filters NONE Steam 1 RUN: 7ae842ad-8487-49b6-98a4-bc67b2844b49